 Dungeon Crawl Stone Soup version 0.21-a0-582-g1b93aee (webtiles) character file.

384 sithsevirus the Digger (level 6, -13/37 HPs)
             Began as a Gargoyle Earth Elementalist on Dec 19, 2017.
             Was a Follower of Wu Jian.
             Mangled by an orc warrior
             ... wielding a +0 long sword
              (19 damage)
             ... on level 4 of the Dungeon.
             The game lasted 00:25:23 (6206 turns).

sithsevirus the Digger (GrEE)                       Turns: 6206, Time: 00:25:28

Health: -13/37     AC:  8    Str: 13    XL:     6   Next: 77%
Magic:  8/9        EV: 11    Int: 16    God:    Wu Jian [*.....]
Gold:   224        SH:  0    Dex: 10    Spells: 5/9 levels left

rFire    . . .     SeeInvis .   g - -2 dagger (curse)
rCold    . . .     Gourm    .   (no shield)
rNeg     + + .     Faith    .   n - +1 leather armour
rPois    ∞         Spirit   .   (no helmet)
rElec    +         Reflect  .   (no cloak)
rCorr    .         Harm     .   (no gloves)
MR       .....                  (no boots)
Stlth    ++........             (no amulet)
HPRegen  0.12/turn              h - ring of positive energy
MPRegen  0.11/turn              j - ring of flight

@: starving
A: negative energy resistance 1, electricity resistance, unbreathing,
petrification resistance, rot immunity, AC +4
a: Renounce Religion, Evoke Flight


You were on level 4 of the Dungeon.
You worshipped Wu Jian.
Wu Jian was aware of your devotion.
You were starving.

You visited 1 branch of the dungeon, and saw 5 of its levels.
You also visited: Sewer.

You collected 224 gold pieces.

Inventory:

Hand Weapons
 g - a cursed -2 dagger (weapon)
 l - a +0 whip
Missiles
 r - 5 stones (quivered)
Armour
 n - a +1 leather armour (worn)
Jewellery
 f - a cursed ring of teleportation {unknown}
 h - a ring of positive energy (left hand)
 j - a ring of flight (right hand)
Scrolls
 c - 3 scrolls of fear
 o - 3 scrolls of identify
 u - 2 scrolls of teleportation
Potions
 a - 2 potions of brilliance {unknown}
 b - 2 potions of might {unknown}
 i - 2 potions of agility
 k - a potion of flight {unknown}
 m - a potion of degeneration {unknown}
 p - a potion of heal wounds {unknown}
 q - a potion of mutation {unknown}
 t - a potion of curing {unknown}
Books
 e - a book of Geomancy

   Spells                             Type                      Level
   a - Sandblast                      Earth                        1
   b - Passwall                       Transmutation/Earth          2
   c - Stone Arrow                    Conjuration/Earth            3
   d - Petrify                        Transmutation/Earth          4
   e - Lee's Rapid Deconstruction     Earth                        5


   Skills:
 + Level 3.1 Fighting
 + Level 3.2 Armour
 - Level 1.5 Dodging
 + Level 4.3 Stealth
 - Level 2.0 Spellcasting
 + Level 1.9 Conjurations
   Level 0.7 Transmutations
 + Level 5.2 Earth Magic


You had 5 spell levels left.
You knew the following spells:

 Your Spells              Type           Power        Failure   Level  Hunger
a - Sandblast             Erth           ###...       3%          1    #......
c - Stone Arrow           Conj/Erth      ##....       19%         3    ###....


Dungeon Overview and Level Annotations

Branches:
Dungeon (5/15)
 Temple: D:4-7

Altars:
Makhleb
Nemelex Xobeh
Wu Jian
Yredelemnul
Zin
The Shining One

Annotations:
D:5 Menkaure, Sigmund


Innate Abilities, Weirdness & Mutations

You are resistant to torment.
Your stone body is resilient. (AC +4)
You are immune to poison.
You resist negative energy. (rN+)
You are resistant to electric shocks. (rElec)
You can survive without breathing.
You are immune to petrification.
You are immune to rotting.


Message History

You climb upwards.
The gnoll hits you but does no damage. The orc hits you but does no damage.
The gnoll hits you with a spear.
* * * LOW HITPOINT WARNING * * *
The orc warrior misses you.
There is a stone staircase leading down here.
You spin and attack the adder.
You miss the adder.
The adder is moderately wounded.
You spin and attack the orc warrior.
You closely miss the orc warrior.
You spin and attack the gnoll.
You hit the gnoll.
The gnoll is lightly wounded.
The adder bites you but does no damage. The gnoll hits you with a spear.
* * * LOW HITPOINT WARNING * * *
The adder barely misses you.
You spin and attack the adder.
You closely miss the adder.
The adder is moderately wounded.
You spin and attack the orc warrior.
You hit the orc warrior but do no damage.
The orc warrior hits you with a long sword!!
Ouch! That really hurt!
You die...

.g..... .# ........ .#
......... ..#
..........##### ..##
.........#....##...#
...............#..#
#........ooS.....#
#.....)..og.@....##
#.........go......#
#.................# ###
#.................##
#..##..................#
...##..................#
...##..................#
....#................#.##
......##............##..#


You could see an orc warrior (pinned), 2 gnolls, an adder (pinned) and 3 orcs.

Vanquished Creatures
  2 hounds (D:4)
  2 orc priests (D:3)
  2 orc wizards
  2 gnolls (D:5)
  7 adders
  A river rat (D:4)
  An ooze (D:3)
  An adder skeleton (D:3)
  3 worms
  A dart slug (D:1)
  5 leopard geckos
  5 orcs (D:3)
  7 bats
  5 giant cockroaches
  7 goblins
  10 hobgoblins
  6 jackals
  A quokka (D:3)
  3 ball pythons
  7 frilled lizards
  19 kobolds
  10 rats
  2 plants (Sewer)
109 creatures vanquished.

Vanquished Creatures (others)
  A plant (Sewer)
1 creature vanquished.

Grand Total: 110 creatures vanquished

Notes
Turn   | Place    | Note
-------+----------+-------------------------------------------
     0 | D:1      | sithsevirus the Gargoyle Earth Elementalist began the quest for the Orb.
     0 | D:1      | Reached XP level 1. HP: 10/10 MP: 3/3
    87 | D:1      | Reached XP level 2. HP: 16/16 MP: 1/5
   381 | D:1      | Reached skill level 1 in Fighting
   457 | D:1      | Reached skill level 1 in Armour
   552 | D:1      | Reached skill level 4 in Earth Magic
   629 | D:1      | Reached XP level 3. HP: 20/20 MP: 3/6
  1662 | D:2      | Reached XP level 4. HP: 26/26 MP: 3/7
  1992 | D:2      | Found a basalt altar of Yredelemnul.
  1993 | D:2      | Found a glowing golden altar of the Shining One.
  1994 | D:2      | Found an ornate altar of the Wu Jian Council.
  1994 | D:2      | Found a sparkling altar of Nemelex Xobeh.
  2019 | D:2      | Became a worshipper of the Wu Jian Council
  2493 | D:3      | Reached XP level 5. HP: 15/30 MP: 0/8
  2641 | D:3      | Learned a level 3 spell: Stone Arrow
  3304 | D:3      | Found a burning altar of Makhleb.
  3465 | D:3      | Found a glowing silver altar of Zin.
  3465 | D:3      | Noticed a balrug
  3468 | D:3      | Noticed an angel
  3779 | D:3      | Reached skill level 1 in Conjurations
  3904 | D:4      | Found a glowing drain.
  3908 | D:4      | Reached * piety under Wu Jian
  3933 | D:4      | Reached XP level 6. HP: 15/36 MP: 0/9
  4009 | Sewer    | Entered a sewer
  4336 | Sewer    | Reached skill level 5 in Earth Magic
  5871 | D:4      | Noticed an orc warrior
  5902 | D:5      | Entered Level 5 of the Dungeon
  6162 | D:5      | Noticed Sigmund
  6165 | D:5      | Noticed Menkaure
  6206 | D:4      | Mangled by an orc warrior

Vault maps used:
D:1:      co_arrival_two_rings, minmay_tetromino_l2
D:2:      grunt_temple_overflow_open
D:3:      grunt_temple_overflow_order_and_chaos_2
D:4:      portal_sewer_entry_b, guppyfry_early_orc_mine
D:5:      grunt_temple_overflow_magic_moments, minmay_temple_entry_overgrown,
          first_ration, minmay_misc_feat_tiny, uniq_sigmund, uniq_ijyb,
          uniq_menkaure, uniq_duvessa
Sewer:    sewer_co_scattered_pipes

Skill      XL: |  1  2  3  4  5  6 |
---------------+-------------------+-----
Fighting       | 1 2 3 |  3.1
Armour         | 1 2 3 |  3.2
Earth Magic    | 4 5 |  5.2
Stealth        | 3 4 |  4.3
Conjurations   | 1 |  1.9
Dodging        | |  1.5
Spellcasting   | |  2.0
Transmutations | |  0.7

Action                   |  1- 3 |  4- 6 || total
-------------------------+-------+-------++-------
Melee: Unarmed           |     5 |       ||     5
       Club              |    15 |       ||    15
       Dagger            |    22 |   708 ||   730
 Cast: Sandblast         |    54 |    69 ||   123
       Stone Arrow       |       |    41 ||    41
Invok: Lunge             |       |     5 ||     5
       Whirlwind         |       |     5 ||     5
  Use: Scroll            |     2 |     3 ||     5
       Potion            |       |     1 ||     1
 Stab: Sleeping          |     2 |       ||     2
  Eat: Chunk             |     3 |    11 ||    14
       Ration            |       |     3 ||     3
Armor: Robe              |    16 |       ||    16
       Leather armour    |       |   117 ||   117
Dodge: Dodged            |    44 |   210 ||   254

Table legend:
 A = Spawn XP
 B = Non-spawn XP
 C = Spawn XP percentage of total XP
 D = Spawn monster count
 E = Non-spawn monster count
 F = Spawn count percentage of total count
 G = Total turns spent on level
                    A         B        C        D         E        F      G
               +---------+---------+-------+---------+---------+-------+---------
         Total |       0 |     549 |   0.0 |       0 |     107 |   0.0 |  6206
               +---------+---------+-------+---------+---------+-------+---------
           D:1 |       0 |      56 |   0.0 |       0 |      31 |   0.0 |  1275
           D:2 |       0 |      52 |   0.0 |       0 |      21 |   0.0 |  1015
           D:3 |       0 |     201 |   0.0 |       0 |      27 |   0.0 |  1567
           D:4 |       0 |     152 |   0.0 |       0 |       8 |   0.0 |   378
           D:5 |       0 |      29 |   0.0 |       0 |       2 |   0.0 |   302
         Sewer |       0 |      59 |   0.0 |       0 |      18 |   0.0 |  1669
               +---------+---------+-------+---------+---------+-------+---------
